 Dungeon Sprint DCSS version 0.21-a0-55-gb612c23 (webtiles) character file.

1272 Kidiri the Ogre Mage (level 8, -6/91 HPs)
             Began as an Ogre Earth Elementalist on June 14, 2017.
             Was a Priest of Sif Muna.
             Mangled by a two-headed ogre
             ... wielding a +0 giant club
              (25 damage)
             ... in the Dungeon (Sprint III: "The Ten Rune Challenge").
             The game lasted 00:10:54 (1503 turns).

Kidiri the Ogre Mage (Ogre Earth Elementalist)      Turns: 1503, Time: 00:10:54

Health: -6/91      AC:  4    Str: 13    XL:     8   Next: 53%
Magic:  15/22      EV: 11    Int: 18    God:    Sif Muna [***...]
Gold:   37         SH:  0    Dex:  7    Spells: 7/28 levels left

rFire    . . .     SeeInvis .   t - +0 club
rCold    . . .     Gourm    .   (no shield)
rNeg     . . .     Faith    .   c - +0 robe
rPois    +         Spirit   .   (helmet restricted)
rElec    .         Reflect  .   i - +1 cloak {rPois}
rCorr    .         Harm     .   (gloves unavailable)
MR       .....     NoTele   +   (boots unavailable)
Stlth    +.........             (no amulet)
HPRegen  0.25/turn              (no ring)
MPRegen  0.18/turn              (no ring)

@: very slightly contaminated, divine energy, very slow
A: unfitting armour, claws 1, talons 1, clumsy 1, deformed body, sense
surroundings 1, tough skin 1, evolution 1
a: Stop Divine Energy, Channel Magic, Renounce Religion


You were in the Dungeon.
You worshipped Sif Muna.
Sif Muna was most pleased with you.
You were not hungry.

You visited 1 branch You collected 37 gold pieces.

Inventory:

Hand Weapons
 t - a +0 club (weapon)
Missiles
 b - 12 stones (quivered)
Armour
 c - a +0 robe (worn)
 i - a +1 cloak of poison resistance (worn)
Scrolls
 j - a scroll of blinking
 l - 4 scrolls of identify
 m - a scroll of torment {unknown}
 n - 2 scrolls of remove curse {unknown}
 q - a scroll of immolation {unknown}
Potions
 f - a potion of flight {unknown}
 p - a potion of lignification {unknown}
 s - 2 potions of mutation
Books
 h - a book of Misfortune

   Spells                             Type                      Level
   a - Confusing Touch                Hexes                        1
   b - Confuse                        Hexes                        3
   c - Gell's Gravitas                Translocation                3
   d - Petrify                        Transmutation/Earth          4
   e - Metabolic Englaciation         Hexes/Ice                    5
   f - Yara's Violent Unravelling     Hexes/Transmutation          5
Comestibles
 a - a royal jelly
 d - a bread ration
 r - a meat ration


   Skills:
 + Level 8.8 Fighting
 + Level 5.5 Maces & Flails
 + Level 5.5 Armour
 + Level 6.5 Dodging
 - Level 1.4 Stealth
 * Level 10.7 Spellcasting
 + Level 2.7 Hexes
 + Level 0.0 Translocations
 + Level 0.8 Transmutations
 * Level 6.8 Earth Magic
 + Level 3.5 Invocations


You had 7 spell levels left.
You knew the following spells:

 Your Spells              Type           Power        Failure   Level  Hunger
a - Sandblast             Erth           ####..       1%          1    None
b - Passwall              Tmut/Erth      ###.......   2%          2    None
c - Stone Arrow           Conj/Erth      ###...       5%          3    None
d - Petrify               Tmut/Erth      ###.....     16%         4    ##.....
e - Lee's Rapid Deconstr  Erth           ####......   12%         5    #####..
f - Confuse               Hex            ###.....     7%          3    None
g - Gell's Gravitas       Tloc           #.........   22%         3    None


Dungeon Overview and Level Annotations

Branches:
Dungeon (1/1)

Altars:
Cheibriados
Dithmenos
Elyvilon
Fedhas
Gozag
Hepliaklqana
Kikubaaqudgha
Makhleb
Nemelex Xobeh
Okawaru
Qazlal
Ru
Sif Muna
Trog
Uskayaw
Vehumet
Wu Jian
Xom
Yredelemnul
Zin
The Shining One
Beogh
Jiyva
Lugonu


Innate Abilities, Weirdness & Mutations

You are too large for most types of armour.
You have tough skin. (AC +1)
You have sharp fingernails.
You have sharp toenails.
You are clumsy. (Dex -2)
Armour fits poorly on your strangely shaped body.
You passively map a small area around you.
You evolve.


Message History

You miscast Gell's Gravitas.
Nothing appears to happen.
Unknown command.
There is an open door here.
Casting: Gell's Gravitas
Confirm with . or Enter, or press ? or * to list all spells.
Okay, then.
You see here a dagger.
The two-headed ogre closely misses you. x2
There is a fountain of clear blue water here.
You open the door.
There is an open door to the Ecumenical Temple here.
You enter the shallow water.
Moving in this stuff is going to be slow.
The two-headed ogre hits you with a giant club!!
The two-headed ogre hits you with a giant spiked club!
* * * LOW HITPOINT WARNING * * *
The two-headed ogre hits you with a giant club.
* * * LOW HITPOINT WARNING * * *
The two-headed ogre hits you with a giant spiked club!!
You die...

▓▓▓▓▓▓▓▓▓▓▓▓ ▓▓▓
▓<.#..+....♣♣♣ ♣.##########
▓..#..#.)....♣ ♣♣.#___#___#_
▓#+####.....♣♣ ♣..#...#__.#.
▓.....#....≈♣♣♣♣♣.###+#+###+
▓.....#...≈≈♣♣....#..)......
▓.....#..≈≈@O♣♣...'.⌠......)
▓####+#..≈≈≈OO≈.♣.#...######
▓.÷...#.≈≈≈≈≈≈....#.⌠.#__#..
▓.....#.≈≈≈≈≈.....#...#__#..
▓.....#.≈≈≈.......#+###__#..
▓+#####...........#.[:#__#..
▓.................#___#__+..
▓▓▓▓▓▓▓▓▓▓▓▓▓▓▓▓▓▓▓▓▓▓▓▓▓▓▓▓
,,*


You could see 3 two-headed ogres.

Vanquished Creatures
  A deep elf mage (D)
  A shadow (D)
  A spatial vortex (D)
  A necrophage (D)
  A water elemental (D)
  A jelly (D)
  A wizard (D)
  Crazy Yiuf (D)
  A necromancer (D)
  A kobold demonologist (D)
  3 humans (D)
  An ooze (D)
  3 rats (D)
17 creatures vanquished.

Vanquished Creatures (others)
  2 draconian scorchers (D)
  2 yaktaurs (D)
  6 hellions (D)
10 creatures vanquished.

Grand Total: 27 creatures vanquished

Notes
Turn   | Place    | Note
-------+----------+-------------------------------------------
     0 | D        | Kidiri the Ogre Earth Elementalist began the quest for the Orb.
     0 | D        | Reached XP level 1. HP: 16/16 MP: 3/3
     5 | D        | Reached skill level 1 in Fighting
     5 | D        | Reached skill level 1 in Armour
     5 | D        | Reached skill level 3 in Spellcasting
    13 | D        | Killed a yaktaur
    51 | D        | Reached XP level 2. HP: 28/28 MP: 1/6
    65 | D        | Learned a level 2 spell: Passwall
    75 | D        | Killed a hellion
   114 | D        | Killed a hellion
   116 | D        | Killed a hellion
   128 | D        | Gained mutation: You tend to lose your temper in combat. [potion of mutation]
   128 | D        | Gained mutation: You are frail. (-10% HP) [potion of mutation]
   128 | D        | Gained mutation: Armour fits poorly on your strangely shaped body. [potion of mutation]
   128 | D        | Gained mutation: Your natural rate of healing is unusually fast. [potion of mutation]
   129 | D        | Lost mutation: You are frail. (-10% HP) [potion of mutation]
   129 | D        | Lost mutation: You tend to lose your temper in combat. [potion of mutation]
   129 | D        | Gained mutation: You possess an exceptional clarity of mind. [potion of mutation]
   129 | D        | Gained mutation: You are clumsy. (Dex -2) [potion of mutation]
   129 | D        | Gained mutation: You have sharp fingernails. [potion of mutation]
   130 | D        | Lost mutation: You possess an exceptional clarity of mind. [potion of mutation]
   130 | D        | Lost mutation: Your natural rate of healing is unusually fast. [potion of mutation]
   130 | D        | Gained mutation: You have sharp toenails. [potion of mutation]
   130 | D        | Gained mutation: You evolve. [potion of mutation]
   139 | D        | Killed a hellion
   175 | D        | Killed a hellion
   176 | D        | Killed a hellion
   193 | D        | Killed a white draconian scorcher
   253 | D        | Reached skill level 4 in Spellcasting
   253 | D        | Reached XP level 3. HP: 31/36 MP: 0/8
   263 | D        | Learned a level 3 spell: Stone Arrow
   295 | D        | Killed a white draconian scorcher
   370 | D        | Noticed Crazy Yiuf
   372 | D        | Killed Crazy Yiuf
   372 | D        | Reached skill level 5 in Spellcasting
   431 | D        | Noticed a water elemental
   441 | D        | Killed a water elemental
   441 | D        | Reached skill level 1 in Maces & Flails
   441 | D        | Reached skill level 6 in Spellcasting
   441 | D        | Reached XP level 4. HP: 13/49 MP: 7/12
   685 | D        | Found a radiant altar of Vehumet.
   686 | D        | Found a deep blue altar of Sif Muna.
   686 | D        | Found an ancient bone altar of Kikubaaqudgha.
   686 | D        | Noticed a wizard
   687 | D        | Killed a wizard
   687 | D        | Reached XP level 5. HP: 55/55 MP: 10/14
   690 | D        | Noticed a ynoxinul
   695 | D        | Reached skill level 5 in Fighting
   717 | D        | Learned a level 4 spell: Petrify
   723 | D        | Learned a level 5 spell: Lee's Rapid Deconstruction
   726 | D        | Became a worshipper of Sif Muna the Loreminder
   776 | D        | Killed a yaktaur
   800 | D        | Found a glowing silver altar of Zin.
   800 | D        | Found a glowing golden altar of the Shining One.
   800 | D        | Found a white marble altar of Elyvilon.
   801 | D        | Noticed a deep elf mage
   808 | D        | Killed a deep elf mage
   808 | D        | Reached * piety under Sif Muna
   808 | D        | Reached skill level 5 in Dodging
   808 | D        | Reached skill level 9 in Spellcasting
   808 | D        | Reached XP level 6. HP: 60/71 MP: 1/18
   808 | D        | Reached XP level 7. HP: 66/78 MP: 1/20
   863 | D        | Learned a level 3 spell: Confuse
   916 | D        | Found an ornate altar of the Wu Jian Council.
   916 | D        | Found a roughly hewn altar of Beogh.
   916 | D        | Found an iron altar of Okawaru.
   916 | D        | Found a bloodstained altar of Trog.
   916 | D        | Found a hide-covered altar of Uskayaw.
   916 | D        | Noticed a human
   918 | D        | Noticed a human
   939 | D        | Killed a human
   939 | D        | Reached ** piety under Sif Muna
   939 | D        | Reached skill level 5 in Armour
   939 | D        | Reached skill level 1 in Hexes
   939 | D        | Reached skill level 1 in Invocations
   940 | D        | HP: 2/80 [human (12)]
   945 | D        | Killed a human
   945 | D        | Reached skill level 5 in Maces & Flails
   945 | D        | Reached skill level 10 in Spellcasting
   945 | D        | Reached XP level 8. HP: 25/88 MP: 0/22
  1187 | D        | Gained mutation: You passively map a small area around you. [evolution]
  1205 | D        | Found a basalt altar of Yredelemnul.
  1205 | D        | Found a shadowy altar of Dithmenos.
  1205 | D        | Found a sacrificial altar of Ru.
  1268 | D        | Noticed a shadow
  1275 | D        | Killed a shadow
  1371 | D        | Found a blossoming altar of Fedhas.
  1371 | D        | Found a stormy altar of Qazlal.
  1371 | D        | Found a snail-covered altar of Cheibriados.
  1371 | D        | Found a burning altar of Makhleb.
  1371 | D        | Found a shimmering altar of Xom.
  1372 | D        | Found a hazy altar of Hepliaklqana.
  1372 | D        | Found an opulent altar of Gozag.
  1372 | D        | Found a sparkling altar of Nemelex Xobeh.
  1372 | D        | Found a corrupted altar of Lugonu.
  1372 | D        | Found a viscous altar of Jiyva.
  1378 | D        | Reached *** piety under Sif Muna
  1385 | D        | Learned a level 3 spell: Gell's Gravitas
  1503 | D        | Mangled by a two-headed ogre

Vault maps used:
D:        dungeon_sprint_mu

Skill      XL: |  1  2  3  4  5  6  7  8 |
---------------+-------------------------+-----
Fighting       | 1 2 4 7 8 |  8.8
Armour         | 1 2 3 4 5 |  5.5
Dodging        | 2 3 4 5 6 |  6.5
Spellcasting   | 3 4 6 9 10 | 10.7
Earth Magic    | 3 4 6 |  6.8
Maces & Flails | 1 2 4 5 |  5.5
Hexes          | 1 2 |  2.7
Invocations    | 2 3 |  3.5
Stealth        | |  1.4
Transmutations | |  0.8

Action                   |  1- 3 |  4- 6 |  7- 9 || total
-------------------------+-------+-------+-------++-------
Melee: Club              |     9 |     2 |     6 ||    17
       Kick              |     2 |     1 |     1 ||     4
 Cast: Sandblast         |    13 |       |     5 ||    18
       Passwall          |     5 |       |       ||     5
       Stone Arrow       |     5 |    12 |    19 ||    36
       Lee's Rapid Decon |       |       |     3 ||     3
       Confuse           |       |       |     4 ||     4
Invok: Divine Energy     |       |       |     1 ||     1
  Use: Potion            |     7 |     1 |     3 ||    11
  Eat: Chunk             |       |       |     2 ||     2
       Fruit             |       |       |     3 ||     3
Armor: Robe              |       |       |     6 ||     6
Dodge: Dodged            |    11 |     1 |    30 ||    42
